 Dungeon Crawl Stone Soup version 0.28-a0-413-gde365fb1df (webtiles) character file.

Game seed: 13347334126338626635

31 wakim the Conjurer (level 3, -1/19 HPs)
             Began as a Tengu Conjurer on Sept 7, 2021.
             Succumbed to Crazy Yiuf's poison
             ... on level 2 of the Dungeon.
             The game lasted 00:03:48 (1244 turns).

wakim the Conjurer (Tengu Conjurer)                 Turns: 1244, Time: 00:03:49

Health: -1/19      AC:  3    Str:  7    XL:     3   Next: 22%
Magic:  3/7        EV: 12    Int: 19    God:
Gold:   44         SH:  0    Dex: 12    Spells: 3/6 levels left

rFire   . . .      SeeInvis .   a - +0 dagger (drain)
rCold   . . .      Faith    .   (no shield)
rNeg    . . .      Spirit   .   d - +0 robe
rPois   .          Reflect  .   (helmet restricted)
rElec   .          Harm     .   (no cloak)
rCorr   .          Rampage  .   g - +0 pair of gloves
Will    .....                   (boots unavailable)
Stlth   ++........              (no amulet)
HPRegen 0.06/turn               (no ring)
MPRegen 0.10/turn               (no ring)

@: lethally poisoned (-1 -> -11)
A: beak, talons 3
a: no special abilities


You were on level 2 of the Dungeon.
You visited 1 branch of the dungeon, and saw 2 of its levels.

You collected 44 gold pieces.

Inventory:

Hand Weapons
 a - a +0 dagger of draining (weapon)
Armour
 d - a +0 robe (worn)
 g - a +0 pair of gloves (worn)
Scrolls
 b - a scroll of fog {unknown}
 c - 2 scrolls of magic mapping {unknown}
 e - a scroll of identify {unknown}
Potions
 f - a potion of curing {unknown}


   Skills:
 - Level 2.1 Dodging
 - Level 2.0 Stealth
 + Level 2.2 Spellcasting
 * Level 6.5 Conjurations


You had 3 spell levels left.
You knew the following spells:

 Your Spells              Type           Power      Damage    Failure   Level
a - Magic Dart            Conj           100%       1d8       1%          1
s - Searing Ray           Conj           52%        2d6       1%          2

Your spell library contained the following spells:

 Spells                   Type           Power      Damage    Failure   Level
 Dazzling Flash           Conj/Hex       28%        N/A       13%         3
 Fulminant Prism          Conj/Hex       7%         3d7       41%         4
 Iskenderun's Mystic Bla  Conj/Tloc      14%        2d5       41%         4


Dungeon Overview and Level Annotations

Branches:
Dungeon (2/15)

Altars:

Shops:
D:2 =

Annotations:
D:2 Robin, Sigmund


Innate Abilities, Weirdness & Mutations

You have a beak for a mouth.
You have claws for feet.


Message History

Magic restored.
HP restored.
Things that are here:
a +0 club; a goblin corpse You see here a +0 club.
You see here a +0 dagger of draining.
h - a +0 dagger of draining Adjust (i)tems, (s)pells, or (a)bilities?
h - a +0 dagger of draining Adjust to which letter? (? for menu, Esc to quit)
a - a +0 dagger of draining;
h - a +0 hand axe (weapon)
You sense an unholy aura.
a - a +0 dagger of draining (weapon)
Drop what? 8/52 slots (_ for help) (? for menu, Esc to quit)
You drop a +0 hand axe.
A ball python comes into view.
The ball python hisses angrily.
The searing ray hits the ball python!
You kill the ball python! (Press . to maintain the ray.)
You see here a ball python corpse.
There is an entrance to Gegino's Jewellery Boutique here.
You can access your shopping list by pressing '$'.
Found a runed translucent door.
You open the door.
Crazy Yiuf shouts!
Crazy Yiuf screams, "Mama fast wrapper!"
There is an open translucent door here.
The searing ray hits Crazy Yiuf.
Crazy Yiuf is moderately wounded. (Press . to maintain the ray.)
The searing ray hits Crazy Yiuf!
Crazy Yiuf is severely wounded.
Crazy Yiuf hits you with a +3 quarterstaff of chaos!
Ouch! That really hurt!
* * * LOW HITPOINT WARNING * * *
You are lethally poisoned!
The searing ray hits Crazy Yiuf.
You kill Crazy Yiuf!
You die...

.# .# .# .#######
.......# .......#
.......#### ####
>........P## ###..)#
...........####.@)..#
............#..##...#
#######....#.### ####
########


There were no monsters in sight!

Vanquished Creatures
  Crazy Yiuf (D:2)
  5 endoplasms
  3 giant cockroaches
  6 goblins (D:2)
  3 hobgoblins
  2 quokkas (D:1)
  3 ball pythons
  A bat (D:1)
  A frilled lizard (D:1)
  2 rats (D:1)
27 creatures vanquished.

Notes
Turn   | Place    | Note
-------+----------+-------------------------------------------
     0 | D:1      | wakim the Tengu Conjurer began the quest for the Orb.
     0 | D:1      | Reached XP level 1. HP: 10/10 MP: 4/4
   219 | D:1      | Reached XP level 2. HP: 15/15 MP: 1/6
   320 | D:1      | Reached skill level 6 in Conjurations
   787 | D:1      | Found a faded altar of an unknown god.
   939 | D:2      | Noticed Sigmund
   944 | D:2      | Learned a level 2 spell: Searing Ray
   995 | D:2      | Noticed Robin
  1009 | D:2      | Reached XP level 3. HP: 16/19 MP: 3/7
  1180 | D:2      | Found Gegino's Jewellery Boutique.
  1236 | D:2      | Found a runed translucent door.
  1237 | D:2      | Noticed Crazy Yiuf
  1244 | D:2      | Killed Crazy Yiuf
  1244 | D:2      | Succumbed to Crazy Yiuf's poison

Illustrated notes

Levels and vault maps discovered:
D:1:      lightli_arrival_lavapool, layout_rooms,
          shapermc_ecumenical_altar_ellora, skrybe_limestone_x
D:2:      layout_basic, serial_shops, shop, chequers_serial_rivers_large_a,
          uniq_robin, uniq_sigmund, uniq_terence, uniq_crazy_yiuf_cottage

Skill      XL: |  1  2 |
---------------+-------+-----
Conjurations   | 6 |  6.5
Dodging        | |  2.1
Stealth        | |  2.0
Spellcasting   | |  2.2

Action                   || total
-------------------------++-------
 Cast: Magic Dart        ||    30
       Searing Ray       ||     4
Dodge: Dodged            ||     1

Table legend: (Time is in decaauts)
 A = Elapsed time spent in this place.
 B = Non-inter-level travel time spent in this place.
 C = Inter-level travel time spent in this place.
 D = Time resting spent in this place.
 E = Time spent auto-exploring this place.
 F = Levels seen in this place.
 G = Mean time per level.
                   A        B        C        D        E       F      G
               +--------+--------+--------+--------+--------+-----+--------+
         Total |   1242 |   1207 |     35 |     67 |    971 |   2 |  621.0 |
       Dungeon |   1242 |   1207 |     35 |     67 |    971 |   2 |  621.0 |
               +--------+--------+--------+--------+--------+-----+--------+

Top non-repeatable levels by time:
     D:1: 862 daAuts
     D:2: 380 daAuts
